Map: Baie du Roi EC

Players

Sorandom - Winner!

  • Race: Zerg Zerg
  • League: Diamond
  • Spawn Location: 11:00

BenObear

  • Race: Terran Terran
  • League: Diamond
  • Spawn Location: 5:00

VOD

Have the link to the VOD?

Description

Time

  • Played on: April 5, 2019, 1:37 p.m.
  • Length: 20:47
Show
View Real Time Build Order
Export as new Build Order

Sorandom Zerg - Winner!

Build Orders: Hatch First, Muta Ling Bane 

Get SALT Encoding   

  12  0:03  Drone  
  13  0:18  Overlord  
  13  0:19  Drone  
  14  0:37  Drone x2  
  14  0:42  Drone  
  17  0:59  Hatchery  
  17  1:04  Drone x2  
  18  1:19  Spawning Pool  
  18  1:21  Extractor, Drone  
  17  1:25  Drone  
  18  1:37  Drone  
  19  1:45  Overlord  
  19  1:59  Drone  
  20  2:05  Queen  
  20  2:07  Zergling x2  
  23  2:11  Queen  
  23  2:13  Drone  
  26  2:21  Metabolic Boost  
  26  2:22  Drone x2  
  28  2:32  Drone  
  28  2:34  Drone  
  30  2:39  Drone  
  30  2:42  Queen  
  33  2:45  Drone  
  34  2:52  Overlord  
  34  2:59  Zergling x2  
  34  3:00  Overlord  
  35  3:13  Drone  
  35  3:14  Drone  
  35  3:17  Zergling x2  
  38  3:21  Lair  
  38  3:25  Drone x6  
  44  3:32  Drone x2  
  46  3:40  Drone  
  46  3:54  Extractor  
  46  3:55  Extractor  
  44  4:01  Overlord x2  
  44  4:02  Extractor, Drone x2  
  45  4:03  Hatchery, Drone  
  45  4:07  Drone x3  
  45  4:09  Drone x2  
  50  4:14  Drone  
  51  4:19  Queen  
  53  4:26  Spire  
  52  4:34  Drone  
  52  4:35  Drone x2  
  52  4:36  Evolution Chamber  
  52  4:37  Evolution Chamber  
  53  4:43  Zergling x2  
  53  4:44  Zergling x10  
  59  4:46  Overseer  
  59  4:53  Drone x2  
  61  5:02  Zerg Melee Weapons Level 1  
  61  5:04  Zerg Ground Armor Level 1  
  61  5:08  Baneling Nest  
  61  5:14  Overlord x3  
  60  5:16  Drone  
  61  5:34  Zergling x2  
  61  5:35  Zergling x14  
  69  5:40  Drone x6  
  69  5:41  Drone  
  76  5:48  Spore Crawler  
  75  5:51  Spore Crawler, Centrifical Hooks  
  75  5:55  Baneling x4  
  74  6:00  Zergling x6  
  77  6:08  Baneling x10  
  77  6:16  Drone x3  
  77  6:17  Drone x3  
  66  6:40  Mutalisk x6  
  66  6:45  Drone x5  
  72  6:56  Zergling x2  
  72  6:57  Zergling x10  
  75  7:02  Zergling x6  
  76  7:09  Zergling x6  
  73  7:25  Zergling x2  
  73  7:26  Zergling x10  
  73  7:28  Drone  
  73  7:29  Queen x2, Drone x2  
  81  7:34  Drone x3  
  84  7:43  Spire  
  83  7:45  Extractor  
  83  7:46  Drone x3  
  85  7:52  Baneling x11  
  85  8:09  Overlord  
  85  8:12  Pneumatized Carapace  
  85  8:19  Drone  
  87  8:20  Extractor, Drone  
  87  8:21  Zergling x8  
  87  8:22  Overlord x6  
  90  8:35  Zergling x14  
  90  8:39  Zerg Melee Weapons Level 2  
  97  8:41  Zergling x6  
  97  8:45  Zergling x6  
  103  8:52  Drone x2  
  103  8:53  Drone  
  103  8:54  Zergling x4  
  108  9:04  Overseer  
  108  9:13  Zergling x12  
  114  9:22  Zergling x12  
  120  9:29  Baneling x10  
  120  9:30  Zergling x6  
  120  9:31  Zergling x6  
  126  9:35  Zerg Flyer Weapons Level 1  
  126  9:38  Zerg Ground Armor Level 2  
  126  9:39  Zergling x2  
  126  9:40  Zergling x2  
  127  9:57  Zergling x12  
  127  9:59  Baneling x8  
  133  10:02  Zergling x8  
  137  10:10  Overlord x4  
  137  10:26  Hatchery  
  136  10:28  Infestation Pit  
  136  10:29  Zergling x14  
  139  10:48  Zergling x2  
  139  10:49  Zergling x18  
  105  11:05  Mutalisk x3  
  105  11:10  Zergling x2  
  92  11:29  Zerg Flyer Armor Level 1  
  92  11:31  Zergling x12  
  90  11:33  Baneling x13  
  90  11:34  Baneling x7, Zergling x2  
  90  11:35  Zergling x2  
  92  11:41  Drone x2  
  94  11:47  Hive, Zergling x4  
  94  11:49  Mutalisk  
  94  11:50  Mutalisk  
  100  11:54  Drone  
  100  11:55  Drone  
  100  11:59  Drone  
  103  12:07  Hatchery  
  97  12:17  Mutalisk x8  
  97  12:18  Mutalisk x2  
  117  12:22  Zergling x2  
  117  12:29  Mutalisk x4  
  123  12:33  Zergling x6  
  126  12:37  Drone x3  
  126  12:43  Drone  
  126  12:44  Drone x4  
  134  12:50  Drone x4  
  138  12:52  Drone  
  138  12:53  Drone  
  140  13:03  Drone x2  
  140  13:04  Drone x2  
  144  13:15  Overlord x2  
  144  13:16  Zergling x10  
  149  13:26  Mutalisk  
  149  13:27  Mutalisk x7  
  163  13:39  Extractor  
  163  13:40  Zergling x24, Extractor  
  173  13:45  Zerg Melee Weapons Level 3  
  169  14:20  Greater Spire  
  169  14:22  Zergling x8  
  169  14:23  Zergling x30  
  188  14:24  Ultralisk Cavern  
  187  14:35  Overlord x3  
  187  14:42  Overlord  
  187  14:43  Overlord  
  187  14:53  Zergling x2  
  187  14:54  Zergling x22  
  199  15:00  Overseer x3  
  199  15:01  Overseer  
  191  15:33  Ultralisk x2  
  195  15:42  Ultralisk  
  195  15:54  Chitinous Plating  
  195  16:01  Adrenal Glands  
  195  16:13  Zergling x4  
  195  16:14  Zergling x4  
  195  16:15  Hatchery  
  196  16:49  Baneling x2  
  196  16:50  Baneling x11  
  196  17:12  Anabolic Synthesis  
  193  17:35  Mutalisk x3  
  185  17:52  Ultralisk  
  185  17:53  Ultralisk  
  185  17:54  Corruptor  
  185  17:57  Zerg Flyer Weapons Level 2  
  199  18:04  Hydralisk Den  
  198  18:08  Spore Crawler  
  197  18:13  Queen  
  197  18:19  Spore Crawler  
  198  18:21  Spore Crawler  
  197  18:36  Extractor  
  197  18:40  Spore Crawler  
  195  18:41  Spore Crawler, Extractor  
  195  18:46  Spore Crawler  
  195  18:47  Spore Crawler  
  195  18:48  Spore Crawler  
  190  18:49  Spore Crawler  
  190  18:50  Spore Crawler x2  
  170  19:05  Zergling x2  
  160  19:13  Mutalisk x11  
  160  19:14  Corruptor, Mutalisk x3  
  160  19:15  Corruptor x4  
  194  19:21  Zergling x2  
  178  19:30  Corruptor  
  178  19:31  Corruptor x5  
  169  19:35  Zergling x2  
  168  19:40  Baneling  
  168  19:41  Baneling x19  
  168  19:42  Zergling x2  
  168  19:43  Zergling x8  
  173  20:03  Zergling x24  
  185  20:21  Overseer  
  185  20:22  Zergling x28  
  185  20:24  Hatchery  
Show
View Real Time Build Order
Export as new Build Order

BenObear Terran 

Build Orders: Gas First Reaper Expand 

Get SALT Encoding   

  12  0:01  SCV  
  13  0:17  Supply Depot  
  13  0:18  SCV  
  14  0:29  Refinery  
  14  0:30  SCV  
  15  0:44  Barracks  
  15  0:48  SCV  
  16  1:00  SCV  
  17  1:14  SCV  
  18  1:26  SCV  
  19  1:34  Reaper  
  19  1:39  Orbital Command  
  20  1:57  Command Center  
  20  2:08  Barracks  
  20  2:10  Barracks Reactor  
  20  2:19  Supply Depot  
  20  2:21  SCV  
  21  2:33  SCV  
  21  2:37  Factory  
  22  2:45  SCV  
  22  2:48  Marine x2  
  25  2:55  Refinery  
  25  2:57  Barracks Tech Lab, SCV  
  26  3:08  Marine x2  
  26  3:09  SCV  
  26  3:11  Supply Depot  
  29  3:18  Stimpack  
  29  3:19  Marine  
  30  3:30  Starport  
  30  3:32  Marine  
  30  3:33  Marine  
  31  3:50  Factory Reactor  
  31  3:52  Marine x3  
  34  4:00  Orbital Command  
  34  4:04  SCV  
  35  4:10  Marine x3  
  35  4:12  Medivac  
  40  4:23  Supply Depot  
  40  4:28  Marine x2  
  40  4:30  SCV  
  43  4:31  Refinery  
  43  4:32  Marine  
  43  4:36  Widow Mine  
  46  4:40  Widow Mine  
  46  4:42  SCV  
  49  4:46  SCV, Marine x2  
  49  4:49  Supply Depot  
  52  4:53  Medivac  
  54  5:00  SCV  
  54  5:01  SCV  
  54  5:03  Marine  
  57  5:16  SCV  
  57  5:18  Marine x2  
  57  5:19  Combat Shield  
  60  5:26  Command Center  
  60  5:35  SCV  
  61  5:42  Engineering Bay  
  61  5:43  SCV  
  61  5:44  Engineering Bay  
  61  5:47  SCV  
  63  5:51  Marine  
  63  5:54  Factory Tech Lab, Barracks  
  64  5:59  SCV  
  64  6:00  Medivac, SCV  
  64  6:03  Marine  
  69  6:11  SCV  
  69  6:12  Terran Infantry Weapons Level 1  
  69  6:13  Terran Infantry Armor Level 1  
  70  6:26  Armory  
  70  6:36  SCV  
  70  6:37  Siege Tank  
  70  6:46  Factory  
  70  6:47  Missile Turret  
  70  6:50  Marine x3  
  71  7:08  Marine x4  
  73  7:25  Marine x2  
  73  7:26  Marine  
  67  7:31  Widow Mine, Medivac x2  
  67  7:34  Factory Reactor  
  71  7:38  Barracks Reactor  
  71  7:41  SCV  
  71  7:42  Barracks  
  71  7:43  Marine x2  
  73  7:44  Orbital Command  
  73  7:47  Missile Turret  
  73  7:52  Terran Vehicle Weapons Level 1  
  73  7:53  Missile Turret, Siege Tank  
  73  7:54  Marine  
  73  7:57  SCV  
  78  7:59  Refinery  
  78  8:01  Marine  
  78  8:05  Missile Turret, Supply Depot  
  79  8:09  SCV x2  
  81  8:14  Medivac  
  81  8:19  Supply Depot  
  83  8:21  SCV  
  83  8:22  SCV  
  83  8:25  Missile Turret  
  85  8:27  Refinery  
  85  8:29  Marine x4  
  89  8:37  Widow Mine x2  
  89  8:41  Widow Mine  
  95  8:42  Barracks Reactor  
  95  8:43  Supply Depot  
  95  8:45  Marine  
  95  8:47  Marine x2  
  98  8:52  SCV  
  98  8:54  Missile Turret  
  99  9:00  SCV, Terran Infantry Weapons Level 2  
  100  9:03  SCV  
  100  9:04  SCV  
  102  9:10  Marine  
  102  9:12  Widow Mine x2, SCV  
  102  9:13  Supply Depot  
  102  9:15  SCV  
  109  9:26  Missile Turret  
  109  9:30  Supply Depot  
  109  9:31  Missile Turret  
  109  9:35  Medivac, SCV x2, Marine x4  
  117  9:41  Terran Infantry Armor Level 2  
  117  9:47  Supply Depot  
  117  9:49  Refinery  
  117  9:51  SCV, Marine x3  
  121  9:52  Marine  
  121  9:53  Supply Depot  
  121  9:55  Supply Depot, SCV  
  123  10:00  Drilling Claws  
  123  10:02  Marine x2  
  125  10:08  SCV x2, Marine  
  125  10:09  Widow Mine x2, Marine  
  133  10:14  Marine  
  133  10:15  Marine  
  133  10:16  Medivac x2  
  133  10:20  SCV  
  140  10:31  Sensor Tower  
  140  10:33  SCV  
  141  10:45  SCV  
  141  10:47  Marine  
  141  10:48  Marine x6  
  114  10:52  Widow Mine, Siege Tank  
  114  10:53  Widow Mine  
  113  10:58  Medivac  
  113  11:00  Barracks  
  113  11:02  SCV  
  110  11:05  Marine x2  
  110  11:06  Marine x5  
  110  11:07  Supply Depot  
  110  11:11  Command Center  
  117  11:19  Sensor Tower  
  117  11:23  Marine x3  
  117  11:24  Marine x4  
  118  11:41  Marine x4  
  118  11:42  Marine  
  118  11:43  Supply Depot, Siege Tank  
  118  11:44  Widow Mine x2  
  118  11:45  SCV  
  118  11:46  Terran Vehicle Weapons Level 2  
  118  11:47  Supply Depot  
  131  11:48  Marine  
  131  11:49  Barracks Reactor  
  132  12:03  Supply Depot  
  132  12:05  Barracks Reactor, Marine  
  132  12:06  Barracks  
  132  12:08  SCV, Marine x5  
  136  12:09  Widow Mine  
  141  12:20  Liberator x2  
  141  12:22  Siege Tank  
  142  12:29  Marine x6  
  144  12:32  Marine  
  144  12:34  Widow Mine  
  147  12:38  Terran Infantry Weapons Level 3  
  147  12:39  Starport, Terran Infantry Armor Level 3  
  153  12:54  Refinery, Siege Tank  
  156  13:00  Marine x6  
  156  13:01  Marine  
  156  13:05  Planetary Fortress  
  163  13:06  Supply Depot  
  163  13:09  Supply Depot  
  163  13:12  SCV  
  164  13:40  Missile Turret  
  164  13:41  Thor  
  164  13:47  Starport Tech Lab  
  170  13:50  SCV  
  170  13:51  Fusion Core, Starport  
  170  13:55  Missile Turret, SCV  
  172  13:56  Starport  
  172  13:57  Missile Turret  
  171  14:07  SCV  
  170  14:17  SCV  
  171  14:24  Thor  
  171  14:25  Marine x3  
  180  14:32  Missile Turret  
  180  14:34  Missile Turret  
  180  14:36  Supply Depot  
  180  14:39  Factory  
  180  14:40  Starport Tech Lab  
  180  14:41  Starport Tech Lab  
  180  14:50  SCV  
  168  14:53  Marine x6  
  168  14:54  Marine  
  168  14:55  Medivac x2  
  168  14:56  SCV  
  168  14:59  Terran Vehicle And Ship Armor Level 1  
  173  15:02  SCV  
  173  15:03  Armory  
  173  15:05  SCV  
  175  15:07  Thor  
  175  15:10  Marine  
  175  15:11  Marine  
  183  15:17  SCV  
  178  15:25  Medivac  
  180  15:33  Factory Tech Lab  
  174  15:42  Marine x2  
  172  15:43  Marine x3  
  172  15:48  Marine x2  
  172  15:49  Medivac  
  163  15:53  Terran Ship Weapons Level 1  
  163  15:55  Medivac  
  163  15:56  Battlecruiser x3  
  181  16:00  Marine x3  
  181  16:01  Marine  
  185  16:08  Refinery  
  185  16:11  Marine x3  
  188  16:22  Marine  
  188  16:23  Marine  
  188  16:27  Barracks Reactor  
  188  16:32  Supply Depot  
  188  16:33  Missile Turret  
  188  16:35  Missile Turret  
  188  16:53  Marine x6  
  188  16:54  SCV x2  
  196  17:00  Command Center, Supply Depot x2  
  196  17:10  Marine x3  
  196  17:11  Marine  
  199  17:28  Marine  
  200  17:37  Weapon Refit  
  200  17:43  Command Center  
  194  17:45  Marine x4  
  194  17:48  Hellion x3  
  190  17:52  Infernal Pre-Igniter  
  190  17:55  Terran Vehicle And Ship Armor Level 2  
  190  17:57  Terran Ship Weapons Level 2  
  190  18:09  Hellion x2  
  190  18:10  Hellion  
  196  18:21  Missile Turret  
  196  18:28  Hi-Sec Auto Tracking  
  196  18:29  Neosteel Armor  
  196  18:31  Hellion x2  
  196  18:32  Command Center  
  200  18:41  Factory, Sensor Tower  
  200  18:52  Sensor Tower  
  200  18:57  Sensor Tower  
  169  19:22  Battlecruiser  
  169  19:27  Supply Depot x2  
  169  19:28  Battlecruiser  
  169  19:30  Battlecruiser  
  162  19:35  Refinery  
  157  19:40  Marine x5  
  157  19:41  Marine x2  
  157  19:43  Marine  
  165  20:00  Planetary Fortress  
  165  20:14  Marine x2  
  165  20:15  Marine  
  165  20:16  Hellion x2  
Tags
 
Add a new tag
Caveats
  • Supply blocks, unpowered buildings, or Contaminate may cause inaccurate times.
  • Supply counts are checked every 10 seconds.